 Dungeon Crawl Stone Soup version 0.29.1-15-g9cfb28693d (webtiles) character file.

Game seed: 17274121885240838546

181 protoss039 the Digger (level 5, 39/39 HPs)
             Began as a Demonspawn Earth Elementalist on Feb 27, 2023.
             Got out of the dungeon alive.
             The game lasted 00:03:27 (3891 turns).

protoss039 the Digger (DsEE)                        Turns: 3891, Time: 00:03:28

Health: 39/39      AC:  6    Str:  8    XL:     5   Next: 34%
Magic:  9/9        EV: 12    Int: 19    God:
Gold:   163        SH:  0    Dex: 13    Spells: 4/10 levels left

rFire   + . .      SeeInvis .   q - +0 dagger (venom)
rCold   + . .      Faith    .   (no shield)
rNeg    . . .      Spirit   .   a - +0 robe
rPois   .          Reflect  .   j - +0 helmet
rElec   .          Harm     .   o - scarf {rC+ rF+}
rCorr   +          Rampage  .   m - +0 pair of gloves
Will    .....                   (no boots)
Stlth   ++........              (no amulet)
HPRegen 0.13/turn               h - ring of flight
MPRegen 0.11/turn               k - ring of resist corrosion

@: flying
A: demonic guardian 1, sharp scales 2
a: no special abilities


You escaped.
You visited 1 branch of the dungeon, and saw 3 of its levels.

You collected 163 gold pieces.

Inventory:

Hand Weapons
 q - a +0 dagger of venom (weapon)
Armour
 a - a +0 robe (worn)
 j - a +0 helmet (worn)
 m - a +0 pair of gloves (worn)
 o - a scarf of resistance (worn)
Jewellery
 h - a ring of flight (left hand)
 k - a ring of resist corrosion (right hand)
 u - an amulet of guardian spirit
Scrolls
 c - 2 scrolls of vulnerability {unknown}
 d - a scroll of enchant weapon {unknown}
 g - 5 scrolls of teleportation {unknown}
 l - 2 scrolls of identify {unknown}
 r - 2 scrolls of noise {unknown}
 t - a scroll of butterflies {unknown}
 v - a scroll of magic mapping {unknown}
Potions
 b - a potion of magic
 e - a potion of lignification {unknown}
 f - a potion of brilliance {unknown}
 i - a potion of resistance {unknown}
 n - 2 potions of heal wounds {unknown}
 p - a potion of mutation {unknown}
 s - 3 potions of curing {unknown}


   Skills:
 + Level 2.5 Fighting
 - Level 1.7 Dodging
 - Level 1.7 Stealth
 + Level 3.3 Spellcasting
 + Level 1.1 Conjurations
 - Level 0.8 Transmutations
 + Level 3.8 Earth Magic


You had 4 spell levels left.
You knew the following spells:

 Your Spells              Type           Power      Damage    Failure   Level
a - Sandblast             Erth           34%        2d9       3%          1
b - Passwall              Tmut/Erth      10%        N/A       9%          2
c - Stone Arrow           Conj/Erth      24%        3d8       16%         3

Your spell library contained the following spells:

 Spells                   Type           Power      Damage    Failure   Level
 Petrify                  Tmut/Erth      12%        N/A       50%         4


Dungeon Overview and Level Annotations

Branches:
Dungeon (3/15) Zot: 14076

Altars:
Cheibriados

Shops:
D:2 (


Innate Abilities, Weirdness & Mutations

A weak demonic guardian rushes to your aid.
You are mostly covered in razor-sharp scales. (AC +2, Slay +2)


Message History

As you open the door, it creaks loudly!
There is an open door here.
You reach down and open the large door.
Found a robe.
Found a snail-covered altar of Cheibriados.
Found an escape hatch in the floor.
Found a stone staircase leading up.
You now have 163 gold pieces (gained 3).
There is a stone staircase leading up here.
Key pressed, stopping explore.
You reach down and open the door.
There is an open door here.
There is an open door here.
Things that are here:
a +0 dagger of protection; a +0 dagger Done exploring.
Done exploring.
Done exploring.
No target in view!
Done exploring.
No target in view!
Done exploring.
Search for what [Enter for "."]? .
Done exploring.
There is an open door here.
There is an open door here.
There is a stone staircase leading up here.
You fly upwards.
There is a stone staircase leading down here.
There is an entrance to Qebelei's Weapon Shop here.
There is an escape hatch in the ceiling here.
A mysterious force pulls you upwards. The hatch slams shut behind you.
Things that are here:
2 stones; a +0 short sword You see here a +0 whip.
You see here a +0 club.
There is an open gate here.
There is a staircase leading out of the dungeon here.
Are you sure you want to leave the Dungeon?
This will make you lose the game!
You have escaped!

≈≈≈~....♣#.....#
#.#########
≈≈≈~....♣#.....#
#..........
≈≈~.....P#.....#
###########
≈≈.......#.##.##
≈~≈~....P#....#
≈≈≈.....♣######
≈≈~......♣P.P.♣
≈≈≈~..........♣♣♣♣
##########
≈≈≈....P.♣.....♣@♣
#..†.....#
≈≈~~............P♣
########.#
≈≈≈≈~............♣ #.#
≈≈≈≈~~...........♣ #.##
≈≈≈≈≈≈~≈~..~~..♣♣♣♣
#...
≈≈≈≈≈≈≈≈≈≈~~~≈~≈≈≈♣
#.##
≈≈≈≈≈≈≈≈≈≈≈≈≈≈≈≈≈≈♣♣♣♣
###
≈≈≈≈≈≈≈≈≈≈≈≈≈≈≈≈≈≈≈≈≈♣
#######################


There were no monsters in sight!

Vanquished Creatures
  A scorpion (D:3)
  5 adders
  2 dart slugs (D:1)
  An orc (D:2)
  5 bats
  6 endoplasms
  5 giant cockroaches
  5 hobgoblins
  6 kobolds
  5 quokkas
  2 ball pythons
  3 frilled lizards
  12 goblins
  5 rats
63 creatures vanquished.

Notes
Turn   | Place    | Note
-------+----------+-------------------------------------------
     0 | D:1      | protoss039 the Demonspawn Earth Elementalist began the
                  | quest for the Orb.
     0 | D:1      | Reached XP level 1. HP: 13/13 MP: 3/3
   511 | D:1      | Gained mutation: You are partially covered in razor-sharp
                  | scales. (AC +1, Slay +1) [demonic ancestry]
   511 | D:1      | Reached XP level 2. HP: 20/20 MP: 3/5
   716 | D:1      | Reached skill level 1 in Fighting
  1049 | D:1      | Reached XP level 3. HP: 26/26 MP: 0/6
  1471 | D:1      | Found a faded altar of an unknown god.
  1754 | D:1      | Learned a level 2 spell: Passwall
  1822 | D:2      | Found Qebelei's Weapon Shop.
  2217 | D:2      | Gained mutation: You are mostly covered in razor-sharp
                  | scales. (AC +2, Slay +2) [demonic ancestry]
  2217 | D:2      | Reached XP level 4. HP: 33/33 MP: 5/8
  2810 | D:2      | Learned a level 3 spell: Stone Arrow
  3156 | D:3      | Noticed a scorpion
  3328 | D:3      | Killed a scorpion
  3329 | D:3      | Reached skill level 1 in Conjurations
  3329 | D:3      | Gained mutation: A weak demonic guardian rushes to your
                  | aid. [demonic ancestry]
  3329 | D:3      | Reached XP level 5. HP: 26/39 MP: 3/9
  3583 | D:3      | Found a snail-covered altar of Cheibriados.
  3891 | D:$      | Got out of the dungeon alive.

Illustrated notes

Levels and vault maps discovered:
D:1:      kennysheep_arrival_seaside, layout_basic,
          hellmonk_ecumenical_altar_prayer_group
D:2:      layout_loops_corners, serial_shops, shop_statue
D:3:      layout_loops_corners, general_overflow_altar, minmay_pentomino_pile

Skill      XL: |  1  2  3  4 |
---------------+-------------+-----
Earth Magic    | 3 |  3.8
Fighting       | 1 2 |  2.5
Spellcasting   | 3 |  3.3
Conjurations   | 1 |  1.1
Dodging        | |  1.7
Stealth        | |  1.7
Transmutations | |  0.8

Action                   |  1- 3 |  4- 6 || total
-------------------------+-------+-------++-------
Melee: Unarmed           |    11 |       ||    11
       Dagger            |    40 |    31 ||    71
 Cast: Sandblast         |    52 |    17 ||    69
 Stab: Sleeping          |     2 |     1 ||     3
Armor: Robe              |    28 |    20 ||    48
Dodge: Dodged            |    51 |    18 ||    69
